 Dungeon Crawl Stone Soup version 0.30-a0-166-g5d06c95188 (webtiles) character file.

Game seed: 15784044301488649174

2291 qw the Cleaver (level 9, -1/57 HPs)
             Began as a Gargoyle Fighter on Sept 28, 2022.
             Slain by a yak (9 damage)
             ... on level 6 of the Dungeon.
             The game lasted 00:02:16 (6588 turns).

qw the Cleaver (Gargoyle Fighter)                   Turns: 6588, Time: 00:02:17

Health: -1/57      AC: 17    Str: 24    XL:     9   Next: 40%
Magic:  9/9        EV:  8    Int:  9    God:
Gold:   340        SH:  4    Dex:  9    Spells: 8/8 levels left

rFire   . . .      SeeInvis .    Y - +0 war axe (flame)
rCold   . . .      Faith    .    c - +0 buckler
rNeg    + . .      Spirit   .    l - +0 chain mail
rPois   inf        Reflect  .    (no helmet)
rElec   +          Harm     .    (no cloak)
rCorr   .          Rampage  .    f - +0 pair of gloves
Will    .....                    (no boots)
Stlth   ..........               (no amulet)
HPRegen 0.19/turn                (no ring)
MPRegen 0.11/turn                (no ring)

@: about to teleport
A: sickness immunity, AC +6, negative energy resistance 1, electricity
resistance, torment resistance 1, petrification resistance
a: no special abilities


You were on level 6 of the Dungeon.
You visited 1 branch of the dungeon, and saw 6 of its levels.
You also visited: Sewer.

You collected 340 gold pieces.


Innate Abilities, Weirdness & Mutations

You are immune to sickness and miasma.
Your stone body is resilient. (AC +6)
You are immune to poison.
You resist negative energy. (rN+)
You are resistant to electric shocks. (rElec)
You are resistant to unholy torment.
You are immune to petrification.


   Skills:
 - Level 7.0 Fighting
 + Level 9.4 Axes
 - Level 1.6 Throwing
 - Level 4.0 Armour
 - Level 1.2 Dodging
 - Level 4.0 Shields


You had 8 spell levels left.
You didn't know any spells.
Your spell library was empty.

Inventory:

Hand Weapons
 Y - a +0 war axe of flaming (weapon)
Missiles
 g - 2 boomerangs (quivered)
Armour
 c - a +0 buckler (worn)
 f - a +0 pair of gloves (worn)
 j - a +0 pair of boots
 l - a +0 chain mail (worn)
Jewellery
 a - the ring "Sopaclin" {rCorr EV+4 Int+6 Slay-5}
   (You acquired it on level 4 of the Dungeon)

   [ring of evasion]

   EV:        It affects your evasion (+4).
   Int:       It affects your intelligence (+6).
   Slay:      It affects your accuracy & damage with ranged weapons and melee
   (-5).
   rCorr:     It protects you from acid and corrosion.
 m - a ring of fire
Scrolls
 b - 2 scrolls of identify
 i - 2 scrolls of teleportation
Potions
 d - a potion of might
 e - a potion of attraction
 h - a potion of lignification
 k - 4 potions of curing
 n - a potion of mutation {unknown}

Dungeon Overview and Level Annotations

Branches:
Dungeon (6/15)              Sewer (visited)
 Temple: D:4-7

Altars:

Annotations:
D:3 2 runed translucent doors, qw's ghost, weakling GrFi


Message History

You slice the yak!! You burn the yak.
The yak is almost dead.
The yak gores you. x2
You hit the yak. You burn the yak.
The yak is almost dead.
The yak gores you.
You completely miss the yak.
The yak is almost dead.
The yak gores you.
You hit the yak. You burn the yak.
You kill the yak!
You hit the yak but do no damage. The yak barely misses you.
You barely miss the yak. The yak barely misses you.
You barely miss the yak. The yak gores you but does no damage.
You slash the yak! You burn the yak.
The yak is moderately wounded.
The yak gores you but does no damage.
You hit the yak but do no damage.
The yak is moderately wounded.
The yak gores you but does no damage.
You slash the yak! You burn the yak!
The yak is almost dead.
The yak gores you but does no damage.
You hit the yak. You burn the yak.
The yak is almost dead.
The yak gores you!
You barely miss the yak.
The yak is almost dead.
The yak gores you!
6587 ||| READING 3 scrolls of teleportation.
As you read the scroll of teleportation, it crumbles to dust.
You feel strangely unstable. The yak barely misses you.
You hit the yak. You burn the yak.
You kill the yak!
The yak gores you!
You die...

##....#.# .
#....#.# #
#....#.#
#....#.#
#....#.#
#....#.#
###....#.###
#..........#
###....#@#.#
######Y#.#
#YYY...# #
#Y######


You could see a yak.

Vanquished Creatures
  Pikel (D:5)
  4 yaks (D:6)
  2 ice beasts
  Pargi (Sewer)
  An orc warrior (D:6)
  2 phantoms
  2 lemures (D:5)
  Blork the orc (D:5)
  A necrophage (D:4)
  3 scorpions
  3 hounds
  A jelly (D:4)
  An iguana (D:4)
  3 orc wizards
  8 gnolls
  8 adders
  A river rat (D:3)
  A shadow imp (D:6)
  A white imp (D:5)
  3 dart slugs
  21 orcs
  9 ball pythons
  9 bats
  15 endoplasms
  2 giant cockroaches (D:3)
  8 goblins
  5 hobgoblins
  16 jackals
  3 quokkas (D:3)
  19 kobolds
  4 rats
159 creatures vanquished.

Notes
Turn   | Place    | Note
-------+----------+-------------------------------------------
     0 | D:1      | qw the Gargoyle Fighter began the quest for the Orb.
     0 | D:1      | Reached XP level 1. HP: 14/14 MP: 1/1
     0 | D:1      | 0 ||| qw: Version: 0.2-a-12-gaebbb33
     0 | D:1      | 0 ||| qw: Game counter: 1009
     0 | D:1      | 0 ||| qw: Always use a shield: true
     0 | D:1      | 0 ||| qw: God list: Okawaru
     0 | D:1      | 0 ||| qw: Allow faded altars: false
     0 | D:1      | 0 ||| qw: Do Orc after D:15 true
     0 | D:1      | 0 ||| qw: Do second Lair branch before Depths: true
     0 | D:1      | 0 ||| qw: Lair rune preference: random
     0 | D:1      | 0 ||| qw: Plans: Normal, Zot:1-4, God:TSO, Crypt, Tomb,
                  | Pan, Slime:5, Hells, Abyss, Orb
     0 | D:1      | 0 ||| PLANNING D:1-11
    94 | D:1      | Reached skill level 2 in Axes
   212 | D:1      | Reached XP level 2. HP: 17/19 MP: 2/2
   536 | D:1      | 536 ||| DROPPING +0 club.
   546 | D:1      | 546 ||| Stepping ~*~*~tactically~*~*~ (stealth).
   551 | D:1      | 551 ||| Stepping ~*~*~tactically~*~*~ (stealth).
   555 | D:1      | Reached skill level 3 in Axes
   557 | D:1      | 557 ||| Stepping ~*~*~tactically~*~*~ (stealth).
   581 | D:1      | Reached XP level 3. HP: 17/23 MP: 3/3
   603 | D:1      | 603 ||| Stepping ~*~*~tactically~*~*~ (stealth).
   669 | D:1      | 669 ||| Stepping ~*~*~tactically~*~*~ (stealth).
   670 | D:1      | 670 ||| Stepping ~*~*~tactically~*~*~ (stealth).
   684 | D:1      | 684 ||| Stepping ~*~*~tactically~*~*~ (stealth).
   699 | D:1      | 699 ||| Stepping ~*~*~tactically~*~*~ (stealth).
   702 | D:1      | 702 ||| Stepping ~*~*~tactically~*~*~ (stealth).
   707 | D:1      | 707 ||| Stepping ~*~*~tactically~*~*~ (stealth).
   709 | D:1      | 709 ||| Stepping ~*~*~tactically~*~*~ (stealth).
   710 | D:1      | 710 ||| Stepping ~*~*~tactically~*~*~ (stealth).
   711 | D:1      | 711 ||| Stepping ~*~*~tactically~*~*~ (stealth).
   722 | D:1      | 722 ||| Stepping ~*~*~tactically~*~*~ (stealth).
  1136 | D:1      | 1136 ||| UPGRADING to +0 chain mail.
  1146 | D:1      | 1146 ||| DROPPING +0 scale mail.
  1147 | D:1      | 1147 ||| READING scroll labelled OPOAZI TAERO.
  1148 | D:1      | 1148 ||| READING scroll labelled WUM NIETHETOTT.
  1149 | D:1      | 1149 ||| READING scroll labelled NAYFE OJECOZU.
  1150 | D:1      | 1150 ||| READING scroll labelled WEXZALLAMUY.
  1251 | D:1      | 1251 ||| READING scroll labelled ITRUUM LIZXUMENAI.
  1252 | D:1      | 1252 ||| DRINKING 2 metallic amethyst potions.
  1617 | D:2      | 1617 ||| Stepping ~*~*~tactically~*~*~ (stealth).
  1618 | D:2      | 1618 ||| Stepping ~*~*~tactically~*~*~ (stealth).
  1621 | D:2      | 1621 ||| Stepping ~*~*~tactically~*~*~ (stealth).
  1649 | D:2      | 1649 ||| Stepping ~*~*~tactically~*~*~ (stealth).
  1772 | D:2      | Reached XP level 4. HP: 23/28 MP: 4/4
  1990 | D:2      | 1990 ||| READING scroll labelled LIHE KOTECOCS.
  1991 | D:2      | 1991 ||| READING 2 scrolls of identify.
  1991 | D:2      | 1991 ||| IDENTIFYING metallic purple potion
  2053 | D:3      | 2053 ||| PLANNING SEWER
  2107 | D:3      | Reached skill level 1 in Throwing
  2182 | D:3      | 2182 ||| Stepping ~*~*~tactically~*~*~ (stealth).
  2184 | D:3      | 2184 ||| Stepping ~*~*~tactically~*~*~ (stealth).
  2313 | D:3      | 2313 ||| READING scroll labelled YTOZAUNUTS.
  2319 | D:3      | 2319 ||| DROPPING +0 mace.
  2334 | D:3      | 2334 ||| Stepping randomly (stuck).
  2502 | D:3      | Reached skill level 4 in Axes
  2502 | D:3      | Reached XP level 5. HP: 32/32 MP: 5/5
  2533 | D:3      | Found a glowing drain.
  2537 | Sewer    | Entered a sewer
  2544 | Sewer    | Noticed Pargi
  2556 | Sewer    | Killed Pargi
  2557 | Sewer    | Reached skill level 5 in Axes
  2719 | Sewer    | Reached XP level 6. HP: 37/37 MP: 6/6
  2766 | Sewer    | 2766 ||| READING scroll labelled JYORIAXOST.
  2784 | D:3      | 2784 ||| PLANNING D:1-11
  2921 | D:3      | 2921 ||| Stepping ~*~*~tactically~*~*~ (stealth).
  3092 | D:3      | Found a faded altar of an unknown god.
  3157 | D:3      | Found a runed translucent door.
  3159 | D:3      | Noticed qw's ghost (weakling GrFi)
  3264 | D:3      | Found a runed translucent door.
  3272 | D:3      | 3272 ||| READING 2 scrolls labelled BYQIR JUAPS.
  3273 | D:3      | 3273 ||| DROPPING scroll of magic mapping.
  3372 | D:4      | 3372 ||| Stepping ~*~*~tactically~*~*~ (hiding).
  3536 | D:4      | 3536 ||| Stepping ~*~*~tactically~*~*~ (hiding).
  3537 | D:4      | 3537 ||| Stepping ~*~*~tactically~*~*~ (hiding).
  3545 | D:4      | Reached XP level 7. HP: 44/44 MP: 7/7
  3695 | D:4      | Reached skill level 6 in Axes
  3982 | D:4      | 3982 ||| Stepping ~*~*~tactically~*~*~ (hiding).
  3989 | D:4      | 3989 ||| Stepping ~*~*~tactically~*~*~ (stealth).
  3995 | D:4      | Reached skill level 1 in Dodging
  4593 | D:4      | 4593 ||| READING scroll labelled RIKKIY LAAHOK.
  4594 | D:4      | 4594 ||| READING scroll labelled YCYHUCEAFA.
  4594 | D:4      | Identified a scroll of acquirement
  4594 | D:4      | 4594 ||| ACQUIRING ring "Sopaclin" {rCorr EV+4 Int+6
                  | Slay-5}
  4594 | D:4      | Acquired the ring "Sopaclin" {rCorr EV+4 Int+6 Slay-5}
  4596 | D:4      | 4596 ||| READING 3 scrolls of identify.
  4596 | D:4      | 4596 ||| IDENTIFYING lumpy sapphire potion
  4597 | D:4      | 4597 ||| READING 2 scrolls of identify.
  4597 | D:4      | 4597 ||| IDENTIFYING red potion
  4598 | D:4      | 4598 ||| DROPPING potion of magic.
  4609 | D:5      | Entered Level 5 of the Dungeon
  4610 | D:5      | 4610 ||| STAIRDANCE
  4619 | D:5      | 4619 ||| STAIRDANCE
  4773 | D:5      | Noticed Pikel
  4777 | D:5      | 4777 ||| FLEEEEING.
  4777 | D:5      | Noticed Blork the orc
  4789 | D:5      | HP: 9/44 [Pikel/+0 whip of freezing (3)]
  4790 | D:5      | 4790 ||| DRINKING potion of heal wounds.
  4799 | D:5      | HP: 10/44 [Pikel/+0 whip of freezing (8)]
  4800 | D:5      | Killed Pikel
  4801 | D:5      | Reached skill level 8 in Axes
  4801 | D:5      | Reached XP level 8. HP: 8/48 MP: 8/8
  4805 | D:5      | Killed Blork the orc
  5168 | D:5      | Reached skill level 6 in Fighting
  5224 | D:5      | 5224 ||| Stepping ~*~*~tactically~*~*~ (stealth).
  5298 | D:5      | HP: 9/51 [gnoll/+0 flail (4)]
  5808 | D:5      | 5808 ||| UPGRADING to +0 pair of gloves.
  5813 | D:5      | 5813 ||| READING 2 scrolls of identify.
  5813 | D:5      | 5813 ||| IDENTIFYING fuming puce potion
  5858 | D:6      | Identified the +1 leather armour "Eboal" {*Slow MP+9 Str+2
                  | Int+2}
  5935 | D:6      | Reached XP level 9. HP: 55/55 MP: 9/9
  6006 | D:6      | 6006 ||| Stepping ~*~*~tactically~*~*~ (hiding).
  6233 | D:6      | Reached skill level 9 in Axes
  6559 | D:6      | 6559 ||| Stepping ~*~*~tactically~*~*~ (stealth).
  6586 | D:6      | HP: 7/57 [yak (10)]
  6587 | D:6      | 6587 ||| READING 3 scrolls of teleportation.
  6588 | D:6      | Slain by a yak

Levels and vault maps discovered:
D:1:      dpeg_arrival_fog, layout_basic, st_stairs_1
D:2:      layout_basic
D:3:      layout_loops_corners, gup_sewer_entry_bowl, ebering_ghost_sewer_f,
          shapermc_ecumenical_altar_petra, wad_orctagon
D:4:      layout_gridville, minmay_bisected
D:5:      layout_loops_cross, uniq_blork_the_orc, uniq_pikel
D:6:      layout_basic

Skill      XL: |  1  2  3  4  5  6  7  8  9 |
---------------+----------------------------+-----
Axes           | 2 3 4 5 8 9 |  9.4
Throwing       | 1 |  1.6
Fighting       | 4 6 7 |  7.0
Dodging        | 1 |  1.2
Armour         | 4 |  4.0
Shields        | 4 |  4.0

Action                   |  1- 3 |  4- 6 |  7- 9 || total
-------------------------+-------+-------+-------++-------
Melee: War axe           |   114 |   149 |   203 ||   466
Throw: Javelin           |     2 |    25 |     9 ||    36
       Boomerang         |       |     5 |    12 ||    17
  Use: Scroll            |     5 |     5 |     6 ||    16
       Potion            |     1 |       |     1 ||     2
Armor: Scale mail        |    37 |       |       ||    37
       Chain mail        |    17 |   105 |   115 ||   237
Dodge: Dodged            |    50 |    63 |    79 ||   192
Block: Buckler           |    23 |    31 |    43 ||    97

Table legend:
 A = Non-vault XP
 B = Vault XP
 C = Vault XP percentage of total XP
 D = Non-vault monster count
 E = Vault monster count
 F = Vault count percentage of total count
                 A         B        C        D         E       F
            +---------+---------+-------+---------+---------+-------
      Total |    2493 |     979 |  28.2 |     138 |      19 |  12.1
            +---------+---------+-------+---------+---------+-------
        D:1 |      55 |       3 |   5.2 |      29 |       2 |   6.5
        D:2 |      28 |       0 |   0.0 |      16 |       0 |   0.0
        D:3 |      82 |      31 |  27.4 |      25 |       8 |  24.2
        D:4 |     563 |       0 |   0.0 |      30 |       0 |   0.0
        D:5 |     533 |     788 |  59.7 |      22 |       2 |   8.3
        D:6 |    1232 |       0 |   0.0 |      16 |       0 |   0.0
      Sewer |       0 |     157 | 100.0 |       0 |       7 | 100.0
            +---------+---------+-------+---------+---------+-------
